Map: Rorschach LE

Players

AuntJamima - Winner!

  • Race: Zerg Zerg
  • League: Master
  • Spawn Location: 7:00

VOD

Have the link to the VOD?

Description

Time

  • Played on: July 7, 2026, 6:54 p.m.
  • Length: 5:28
Show
View Real Time Build Order
Export as new Build Order

AuntJamima Zerg - Winner!

Build Orders:  

Get SALT Encoding   

  8  0:06  Drone  
  9  0:17  Drone  
  10  0:50  Spawning Pool  
  9  1:00  Drone  
  10  1:13  Overlord  
  10  1:42  Extractor  
  10  1:45  Extractor  
  8  1:56  Zergling x2  
  8  1:57  Zergling x4  
  11  2:26  Drone x2  
  13  2:56  Zergling x2  
  14  3:11  Zergling x4  
  16  3:38  Metabolic Boost  
  15  4:05  Zergling x2  
  15  4:06  Zergling x4  
  18  4:25  Zergling x2  
  18  4:43  Zergling x2  
Tags
 
League
Master
Matchup
Co-op
Add a new tag
Caveats
  • Supply blocks, unpowered buildings, or Contaminate may cause inaccurate times.
  • Supply counts are checked every 10 seconds.